 Dungeon Crawl Stone Soup version 0.20.1-1-g8b1a95d (webtiles) character file.

2645 NoNouf the Protected (level 9, -2/79 HPs)
             Began as a Minotaur Chaos Knight on July 12, 2017.
             Slain by a small abomination (12 damage)
             ... on level 1 of the Abyss.
             The game lasted 00:55:17 (7141 turns).

NoNouf the Protected (Minotaur Chaos Knight)        Turns: 7141, Time: 00:55:17

Health: -2/79      AC: 11    Str: 17    XL:     9   Next: 35%
Magic:  22/22      EV:  9    Int: 13    God:    Xom [......]
Gold:   343        SH:  3    Dex: 13    Spells: 8/8 levels left

rFire    + . .     SeeInvis .   a - +1 falchion (chaos)
rCold    . . .     Gourm    .   B - +0 buckler {rN+}
rNeg     + . .     Faith    .   j - +1 scale mail
rPois    .         Spirit   .   (helmet unavailable)
rElec    +         Reflect  .   (no cloak)
rCorr    .         Harm     .   (no gloves)
MR       +....     Clarity  +   (no boots)
Stlth    ..........             (no amulet)
Regen    0.3/turn               v - ring "Kidoc" {MR+ MP+9}
MPRegen  0.2/turn               (no ring)

@: about to teleport
A: retaliatory headbutt, claws 1, horns 3, slimy green scales 1, clarity, clever
2, fire resistance 1, electricity resistance, evolution 1, MP-powered wands
a: Renounce Religion


You were on level 1 of the Abyss.
You worshipped Xom.
You were a very special plaything of Xom.
You were hungry.

You visited 1 branch of the dungeon, and saw 7 of its levels.
You visited the Abyss 1 time.
You also visited: Sewer.

You collected 343 gold pieces.

Inventory:

Hand Weapons
 a - a +1 falchion of chaos (weapon)
Missiles
 k - 128 stones
 x - 6 javelins of returning (quivered)
Armour
 j - a +1 scale mail (worn)
 l - a +0 plate armour
 B - a +0 buckler of positive energy (worn)
Jewellery
 v - the ring "Kidoc" (left claw) {MR+ MP+9}
   (You found it on level 5 of the Dungeon)

   [ring of magical power]

   It affects your resistance to hostile enchantments.
   It affects your magic capacity (+9).
Wands
 h - a wand of flame (44/48)
 o - a wand of confusion (16/48)
 s - a wand of lightning (7/15)
 y - a wand of lightning (2/15)
Scrolls
 b - a scroll of magic mapping
 e - 4 scrolls of amnesia
 g - 2 scrolls of identify
 m - 2 scrolls of remove curse
 n - a scroll of fog
 p - 2 scrolls of teleportation
 z - a scroll of recharging {unknown}
Potions
 u - a potion of flight
 C - a potion of mutation
Books
 t - a book of Necromancy

   Spells                             Type                      Level
   a - Pain                           Necromancy                   1
   b - Animate Skeleton               Necromancy                   1
   c - Vampiric Draining              Necromancy                   3
   d - Regeneration                   Charms/Necromancy            3
   e - Animate Dead                   Necromancy                   4
   f - Control Undead                 Necromancy                   4
Comestibles
 c - 6 bread rations
 d - a royal jelly
 f - 10 fruits
 w - 2 meat rations


   Skills:
 - Level 7.2 Fighting
 * Level 6.4 Long Blades
 - Level 1.7 Throwing
 - Level 8.0 Armour
 - Level 1.1 Dodging
 - Level 7.7 Evocations


You had 8 spell levels left.
You didn't know any spells.

Dungeon Overview and Level Annotations

Branches:
Dungeon (7/15)             Temple (0/1) D:6

Altars:
Elyvilon
Fedhas
Gozag
Hepliaklqana
Qazlal
Ru
Trog
Uskayaw
Xom
Zin
The Shining One

Annotations:
D:7 Joseph


Innate Abilities, Weirdness & Mutations

You reflexively headbutt those who attack you in melee.
You have a pair of large horns on your head.
You have sharp fingernails.
You are partially covered in slimy green scales. (AC +2)
You possess an exceptional clarity of mind.
Your mind is very acute. (Int +4)
Your flesh is heat resistant. (rF+)
You are resistant to electric shocks. (rElec)
You evolve.
You expend magic power (3 MP) to strengthen your wands.


Message History

You headbutt the thrashing horror, but do no damage.
You riposte.
You slash the thrashing horror! You freeze the thrashing horror.
You headbutt the thrashing horror.
The thrashing horror is heavily damaged.
The thrashing horror tramples you but does no damage.
A small abomination comes into view.
The thrashing horror closely misses you.
You riposte.
You barely miss the thrashing horror.
The thrashing horror is heavily damaged.
The thrashing horror tramples you but does no damage.
The thrashing horror barely misses you. You furiously retaliate!
You headbutt the thrashing horror!
You riposte.
You completely miss the thrashing horror.
The thrashing horror is severely damaged.
The thrashing horror tramples you but does no damage.
The thrashing horror closely misses you.
The thrashing horror completely misses you.
The small abomination hits you!
You die...
Xom chuckles heartily!

#. .. . ..# . #.#
#..##.#. .. ## # .
###... .. ..# .## #.
........ #.# .. § §§.#
....####.# .. #§§§# ##
#...#...##.#
.#§#.##3##.###4.@...#
##§##3.....XX.#Xx.###
.#§#.##..3.#.#..§.# ..
.##...#.§#....#
3...###.X#######..#..#
.#..# #..# §..##.# .#.
##.!.. ..#..## ....
#... .....# # .. ##. #
.##..#


You could see an orange demon, a thrashing horror, 2 large abominations, a smoke
demon and a small abomination.

Vanquished Creatures
  A troll (D:6)
  Sigmund (D:6)
  A hungry ghost (D:4)
  The ghost of Overlord the Insei, an amateur MfTm (D:4)
  A water moccasin (D:6)
  2 ice beasts
  An orc warrior (D:6)
  A necrophage (D:5)
  2 centaurs (D:7)
  2 ogres (D:7)
  2 bullfrogs (D:6)
  2 scorpions
  4 killer bees (D:7)
  2 jellies
  2 crimson imps (D:7)
  A quasit (D:6)
  2 bullfrog zombies
  An orc priest (D:6)
  3 bullfrog skeletons
  3 orc wizards
  6 worker ants
  Terence (D:3)
  2 hound skeletons
  Robin (D:3)
  6 gnolls
  9 adders
  An ooze (D:2)
  3 dart slugs
  7 leopard geckos
  11 orcs
  8 bats
  8 giant cockroaches
  11 goblins
  3 hobgoblins
  14 jackals
  9 kobolds
  4 quokkas
  5 ball pythons
  8 frilled lizards
  A leopard gecko zombie (D:5)
  A quokka zombie (D:6)
  6 rats
160 creatures vanquished.

Vanquished Creatures (collateral kills)
  A howler monkey (D:5)
  A river rat (D:4)
  A ball python (D:4)
  A rat (D:4)
4 creatures vanquished.

Vanquished Creatures (others)
  A quokka (D:3)
1 creature vanquished.

Grand Total: 165 creatures vanquished

Notes
Turn   | Place    | Note
-------+----------+-------------------------------------------
     0 | D:1      | NoNouf the Minotaur Chaos Knight began the quest for the Orb.
     0 | D:1      | Reached XP level 1. HP: 19/19 MP: 0/0
   123 | D:1      | XOM: harmless Chrm miscast
   130 | D:1      | Reached XP level 2. HP: 18/27 MP: 1/1
   968 | D:1      | Reached XP level 3. HP: 34/34 MP: 2/2
  1100 | D:2      | Reached skill level 3 in Armour
  1191 | D:2      | Gained mutation: You expend magic power (3 MP) to strengthen your wands. [potion of mutation]
  1191 | D:2      | Gained mutation: You evolve. [potion of mutation]
  1191 | D:2      | Gained mutation: You are frail. (-10% HP) [potion of mutation]
  1191 | D:2      | Gained mutation: Your mind is acute. (Int +2) [potion of mutation]
  1309 | D:2      | Reached skill level 5 in Fighting
  1465 | D:2      | XOM: divination: detect items
  1476 | D:2      | Reached XP level 4. HP: 27/37 MP: 3/3
  1514 | D:2      | XOM: scenery: create altars
  1688 | D:2      | XOM: god gift: 11 stones
  1719 | D:2      | XOM: 5-stop teleportation journey
  1829 | D:2      | XOM: divination: magic mapping
  1839 | D:2      | Reached skill level 4 in Armour
  1839 | D:2      | Reached XP level 5. HP: 21/45 MP: 4/4
  1923 | D:2      | XOM: divination: detect creatures
  2161 | D:3      | XOM: smoke on damage
  2164 | D:3      | Found an opulent altar of Gozag.
  2223 | D:3      | Found a blossoming altar of Fedhas.
  2356 | D:3      | Noticed Robin
  2369 | D:3      | Killed Robin
  2539 | D:3      | Noticed Terence
  2554 | D:3      | Killed Terence
  2564 | D:3      | Found a white marble altar of Elyvilon.
  2786 | D:3      | XOM: cast spell 'Necromutation'
  3044 | D:4      | Noticed Overlord's ghost (amateur MfTm)
  3060 | D:4      | Killed Overlord's ghost
  3060 | D:4      | Reached skill level 5 in Armour
  3060 | D:4      | Reached XP level 6. HP: 22/52 MP: 5/5
  3172 | D:4      | Noticed a hungry ghost
  3184 | D:4      | XOM: noise
  3185 | D:4      | XOM: divination: magic mapping
  3203 | D:4      | Killed a hungry ghost
  3203 | D:4      | Reached skill level 1 in Throwing
  3203 | D:4      | Reached skill level 6 in Armour
  3257 | D:4      | XOM: summons friendly shadow imp
  3267 | D:4      | Reached XP level 7. HP: 21/57 MP: 6/6
  3274 | D:4      | Found a glowing drain.
  3311 | Sewer    | Entered a sewer
  3330 | Sewer    | Lost mutation: You are frail. (-10% HP) [evolution]
  3492 | Sewer    | XOM: harmless Summ miscast
  3537 | Sewer    | Reached skill level 7 in Armour
  3633 | Sewer    | XOM: mild Summ miscast
  3638 | Sewer    | XOM: scenery: create altars
  4007 | D:5      | Entered Level 5 of the Dungeon
  4011 | D:5      | XOM: summons 3 friendly demons
  4074 | D:5      | XOM: cleaving
  4147 | D:5      | Reached skill level 8 in Armour
  4171 | D:5      | XOM: give mutation
  4171 | D:5      | Gained mutation: You possess an exceptional clarity of mind. [Xom's grace]
  4201 | D:5      | Found a glowing silver altar of Zin.
  4213 | D:5      | Got a wavering lapis lazuli ring
  4217 | D:5      | Identified the ring "Kidoc" {MR+ MP+9} (You found it on level 5 of the Dungeon)
  4550 | D:5      | Found a sacrificial altar of Ru.
  4556 | D:5      | Found a shimmering altar of Xom.
  4556 | D:5      | Found a stormy altar of Qazlal.
  4587 | D:5      | Gained mutation: Your spells are a little harder to cast, but a little more powerful. [evolution]
  4621 | D:5      | XOM: give mutations
  4621 | D:5      | Gained mutation: You are resistant to electric shocks. (rElec) [Xom's grace]
  4621 | D:5      | Gained mutation: Your flesh is heat resistant. (rF+) [Xom's grace]
  4621 | D:5      | Gained mutation: You are partially covered in slimy green scales. (AC +2) [Xom's grace]
  4621 | D:5      | Gained mutation: You have a pair of large horns on your head. [Xom's grace]
  4726 | D:5      | XOM: god gift: wand of lightning (?/15) {god gift}
  4811 | D:5      | Found a bloodstained altar of Trog.
  4815 | D:5      | Found a hide-covered altar of Uskayaw.
  4815 | D:5      | Found a glowing golden altar of the Shining One.
  4817 | D:5      | Found a hazy altar of Hepliaklqana.
  4939 | D:6      | Noticed Sigmund
  4962 | D:6      | Reached skill level 1 in Evocations
  4981 | D:6      | Killed Sigmund
  4981 | D:6      | Reached XP level 8. HP: 61/73 MP: 9/9
  4992 | D:6      | XOM: enchant monster (good)
  5135 | D:6      | Found a staircase to the Ecumenical Temple.
  5596 | D:6      | Noticed a troll
  5598 | D:6      | Gained mutation: You have sharp fingernails. [evolution]
  5601 | D:6      | Killed a troll
  5601 | D:6      | Reached skill level 5 in Evocations
  5751 | D:6      | XOM: give mutation
  5751 | D:6      | Lost mutation: Your spells are a little harder to cast, but a little more powerful. [Xom's mischief]
  6036 | D:6      | XOM: confuse monster(s)
  6138 | D:6      | XOM: medium Fire miscast
  6145 | D:7      | XOM: blink monster(s)
  6147 | D:7      | Reached XP level 9. HP: 42/79 MP: 13/13
  6380 | D:7      | XOM: summons 4 friendly demons
  6408 | D:7      | XOM: mild Necr miscast
  6415 | D:7      | Reached skill level 5 in Long Blades
  6520 | D:7      | Noticed Joseph
  6531 | D:7      | XOM: mild Hex miscast
  6615 | D:6      | XOM: medium Erth miscast
  6680 | D:6      | Gained mutation: Your mind is very acute. (Int +4) [evolution]
  6837 | D:7      | XOM: summons 4 hostile demons
  6838 | D:7      | Noticed an orange demon
  6838 | D:7      | Noticed a soul eater
  6838 | D:7      | XOM: noise
  7009 | D:7      | XOM: summons 4 hostile shadow creatures
  7050 | D:7      | Cast into level 1 of the Abyss (gnoll)
  7109 | Abyss:1  | XOM: harmless Conj miscast
  7118 | Abyss:1  | Noticed a thrashing horror
  7126 | Abyss:1  | XOM: harmless Air miscast
  7128 | Abyss:1  | XOM: harmless Conj miscast
  7129 | Abyss:1  | Noticed a smoke demon
  7134 | Abyss:1  | Noticed a large abomination
  7135 | Abyss:1  | Noticed an orange demon
  7141 | Abyss:1  | Slain by a small abomination

Skill      XL: |  1  2  3  4  5  6  7  8  9 |
---------------+----------------------------+-----
Long Blades    | 4 6 |  6.4
Fighting       | 4 5 6 7 |  7.2
Armour         | 3 4 5 6 8 |  8.0
Throwing       | 1 |  1.7
Evocations     | 2 7 |  7.7
Dodging        | |  1.1

Action                   |  1- 3 |  4- 6 |  7- 9 || total
-------------------------+-------+-------+-------++-------
Melee: Falchion          |    75 |   130 |   243 ||   448
       Headbutt          |    13 |    17 |    56 ||    86
Throw: Stone             |       |    22 |     4 ||    26
       Javelin           |       |       |    18 ||    18
Evoke: Wand              |       |       |     4 ||     4
  Use: Potion            |     1 |     2 |     8 ||    11
       Scroll            |       |     4 |    12 ||    16
 Stab: Paralysed         |       |     2 |     2 ||     4
       Confused          |       |     1 |     1 ||     2
       Distracted        |       |       |     1 ||     1
  Eat: Chunk             |     2 |     5 |     9 ||    16
       Meat ration       |       |     3 |       ||     3
       Fruit             |       |       |     1 ||     1
Armor: Leather armour    |     5 |       |       ||     5
       Ring mail         |    11 |    17 |       ||    28
       Scale mail        |       |    33 |   146 ||   179
Dodge: Dodged            |    42 |    62 |   139 ||   243
Block: Buckler           |       |       |     6 ||     6
       Rpst.: Falchion   |    11 |    13 |    30 ||    54
